Montreal Canadiens vs Toronto Maple Leafs
Created - Wednesday, September 11, 2024 at 09:31
Goals
|
| Montreal Canadiens |
1 |
2 |
0 |
3 |
| Toronto Maple Leafs |
2 |
1 |
3 |
6 |
|
Shots
|
| Montreal Canadiens |
10 |
14 |
8 |
32 |
| Toronto Maple Leafs |
12 |
11 |
16 |
39 |
|
1st period
1. Montreal Canadiens , Dylan Larkin 11 (Vincent Trocheck 17) at 5:18
2. Toronto Maple Leafs , Nino Niederreiter 2 (Nick Bjugstad 4) at 9:57
3. Toronto Maple Leafs , Troy Terry 6 (Wyatt Johnston 15) at 14:06
Penalties :
No Penalty
2nd period
4. Toronto Maple Leafs , Aaron Ekblad 1 (Troy Terry 12, Tomas Hertl 15) at 3:34 (PP)
5. Montreal Canadiens , Vladislav Namestnikov 4 (Brady Skjei 7) at 10:58
6. Montreal Canadiens , Patrik Laine 6 (Claude Giroux 14) at 12:48 (PP)
Penalties :
Dylan Larkin (MTL) for Cross-checking (Minor) at 3:20, Claude Giroux (MTL) for Tripping (Minor) at 8:44, Brady Tkachuk (TOR) for Hooking (Minor) at 12:47, Ryan Lindgren (MTL) for Slashing (Minor) at 18:09, Brady Tkachuk (TOR) for Cross-checking (Minor) at 18:51
3rd period
7. Toronto Maple Leafs , Scott Laughton 4 (Quinton Byfield 8, Troy Terry 13) at 17:12
8. Toronto Maple Leafs , Tomas Hertl 5 (Nick Bjugstad 5, Ryan Pulock 7) at 18:56 (Empty Net)
9. Toronto Maple Leafs , Nick Bjugstad 8 (Andrew Mangiapane 4, Nino Niederreiter 3) at 19:18
Penalties :
Jacob Markstrom (MTL) for Slashing (Minor) at 7:51 - Damon Severson served the penalty, Nick Bjugstad (TOR) for Tripping (Minor) at 11:31, Nick Bjugstad (TOR) for High sticking (Minor) at 14:57
Goalie Stats
Jacob Markstrom (MTL), 33 saves from 38 shots - (0.868), L, 10-6-0, 59:45 minutes
Cam Talbot (TOR), 29 saves from 32 shots - (0.906), W, 9-4-2, 60:00 minutes
Players Stats for Montreal Canadiens
Player Name G A P +/- PIM S H SB GA TA FO MP PP MP PK MP
------------------------------------------------------------------------------------
Adam Fox 0 0 0 -3 0 0 0 0 0 1 0/0 23:03 2:08 2:39
Aliaksei Protas 0 0 0 0 0 0 0 0 0 0 0/0 7:59 0:00 0:00
Brady Skjei 0 1 1 -2 0 0 1 2 0 0 0/0 21:23 2:08 2:51
Claude Giroux 0 1 1 -1 2 2 2 3 1 0 10/19 19:08 1:58 1:31
Damon Severson 0 0 0 -1 0 4 0 1 0 1 0/0 20:36 2:33 0:42
Dylan Larkin 1 0 1 -1 2 5 2 1 0 0 15/22 20:59 2:40 2:19
Ilya Lyubushkin 0 0 0 0 0 1 0 0 0 0 0/0 12:18 0:00 0:54
Jaden Schwartz 0 0 0 -1 0 2 1 1 0 0 0/0 10:10 0:03 0:00
Jake Evans 0 0 0 -1 0 1 0 0 1 0 7/12 12:24 0:00 2:30
Jonathan Marchessault 0 0 0 -2 0 3 1 0 0 0 1/1 18:59 2:36 0:00
Juraj Slafkovsky 0 0 0 -1 0 1 3 0 1 0 0/0 12:45 1:58 0:50
Luke Glendening 0 0 0 0 0 1 1 0 0 0 0/1 7:59 0:00 0:00
Martin Necas 0 0 0 -1 0 0 1 0 0 1 0/1 15:50 0:03 0:00
Patrik Laine 1 0 1 0 0 2 1 0 0 0 0/3 18:24 2:02 0:29
Ryan Lindgren 0 0 0 0 2 0 0 1 0 1 0/0 17:13 0:04 1:09
Tyler Myers 0 0 0 0 0 0 6 2 0 2 0/0 25:33 2:33 1:33
Vincent Trocheck 0 1 1 -1 0 7 2 0 1 0 4/7 21:04 2:39 2:09
Vladislav Namestnikov 1 0 1 0 0 3 0 1 1 0 0/0 7:59 0:00 0:00
Players Stats for Toronto Maple Leafs
Player Name G A P +/- PIM S H SB GA TA FO MP PP MP PK MP
------------------------------------------------------------------------------------
Aaron Ekblad 1 0 1 2 0 2 1 0 0 0 0/0 20:45 0:58 2:01
Andrew Mangiapane 0 1 1 2 0 6 1 0 0 0 2/4 14:55 0:00 2:25
Brady Tkachuk 0 0 0 -1 4 3 2 0 0 0 1/1 16:05 2:25 0:12
Brandon Saad 0 0 0 0 0 2 0 0 0 0 0/0 9:41 0:31 0:00
Cody Ceci 0 0 0 0 0 0 1 4 0 0 0/0 19:51 0:00 2:40
Dougie Hamilton 0 0 0 0 0 1 1 0 0 0 0/0 18:08 2:28 0:00
Kyle Okposo 0 0 0 0 0 0 1 1 0 0 0/0 9:34 0:46 0:00
Mario Ferraro 0 0 0 1 0 2 0 2 0 0 0/0 20:49 1:11 2:40
Nick Bjugstad 1 2 3 3 4 2 2 0 0 0 6/12 15:05 1:27 0:19
Nicolas Roy 0 0 0 -1 0 0 2 1 0 0 1/1 16:04 0:16 2:30
Nino Niederreiter 1 1 2 2 0 1 1 1 2 0 1/2 12:30 0:00 0:00
Quinton Byfield 0 1 1 1 0 2 1 0 1 1 0/0 16:36 2:12 0:02
Ryan Pulock 0 1 1 3 0 1 0 0 0 2 0/0 21:00 1:57 1:43
Scott Laughton 1 0 1 2 0 4 0 0 1 1 2/6 12:06 0:00 1:59
Sean Walker 0 0 0 0 0 0 0 0 0 1 0/0 19:27 3:14 0:18
Tomas Hertl 1 1 2 0 0 4 1 0 0 0 3/10 15:30 2:26 0:00
Troy Terry 1 2 3 1 0 6 0 0 1 0 0/2 17:15 2:26 0:04
Wyatt Johnston 0 1 1 0 0 3 0 0 1 0 13/28 18:37 2:12 1:51
3 Stars
1 - Troy Terry (TOR)
2 - Nick Bjugstad (TOR)
3 - Nino Niederreiter (TOR)
Power Play
Montreal Canadiens - 1 on 4 Attempt(s) - 25.00%
Toronto Maple Leafs - 1 on 4 Attempt(s) - 25.00%
Penalty Kill
Montreal Canadiens - 3 on 4 Attempt(s) - 75.00%
- Score 0 goal in Penalty Kill
Toronto Maple Leafs - 3 on 4 Attempt(s) - 75.00%
- Score 0 goal in Penalty Kill
Team Stat
Montreal Canadiens - Hits : 21 - Faceoff Wins : 37 - Blocked Shots : 12 - Penalty Minutes : 8
Toronto Maple Leafs - Hits : 14 - Faceoff Wins : 29 - Blocked Shots : 9 - Penalty Minutes : 8
Official
Referees : Jake Brenk and Brandon Schrader
Linesman : Kiel Murchison and Trent Knorr
Game Notes
Tomas Hertl has scored in a empty net!
Finance
Level 1 -- Attendance: 5848 (97.47%) -- Ticket Income $549,712
Level 2 -- Attendance: 4695 (93.90%) -- Ticket Income $253,530
Level 3 -- Attendance: 2961 (98.70%) -- Ticket Income $97,713
Level 4 -- Attendance: 4742 (94.84%) -- Ticket Income $99,582
Luxury Box -- Attendance: 942 (94.20%) -- Ticket Income $181,806
Game was played at the Air Canada Centre.
Total Attendance: 19188 (95.94%)
Total Ticket Income: $1,182,343
Other Income: $413,820
Total Income: $1,596,163
Montreal Canadiens
5 vs 5 Forward
Center Left Wing Right Wing Time % Phy DF OF
1 Dylan Larkin Patrik Laine Vincent Trocheck 35 1 2 2
2 Claude Giroux Jonathan Marchessault Martin Necas 35 1 2 2
3 Jake Evans Jaden Schwartz Juraj Slafkovsky 20 1 2 2
4 Luke Glendening Vladislav Namestnikov Aliaksei Protas 10 1 3 1
5 vs 5 Defense
Defense Defense Time % Phy DF OF
1 Tyler Myers Ryan Lindgren 33 1 3 1
2 Adam Fox Damon Severson 33 1 3 1
3 Brady Skjei Ilya Lyubushkin 24 1 3 1
4 Tyler Myers Brady Skjei 10 1 3 1
PowerPlay Forward
Center Left Wing Right Wing Time % Phy DF OF
1 Dylan Larkin Jonathan Marchessault Vincent Trocheck 50 0 0 5
2 Claude Giroux Patrik Laine Juraj Slafkovsky 50 0 0 5
PowerPlay Defense
Defense Defense Time % Phy DF OF
1 Adam Fox Brady Skjei 50 0 1 4
2 Tyler Myers Damon Severson 50 0 1 4
Penalty Kill 4 Players Forward
Center Wing Time % Phy DF OF
1 Vincent Trocheck Claude Giroux 50 1 3 1
2 Dylan Larkin Jake Evans 50 1 3 1
Penalty Kill 4 Players Defense
Defense Defense Time % Phy DF OF
1 Adam Fox Ryan Lindgren 50 1 4 0
2 Tyler Myers Brady Skjei 50 1 4 0
Penalty Kill - 3 Players Forward
Forward Time % Phy DF OF
1 Vincent Trocheck 50 1 4 0
2 Dylan Larkin 50 1 4 0
Penalty Kill - 3 Players Defense
Defense Defense Time % Phy DF OF
1 Adam Fox Ryan Lindgren 50 1 4 0
2 Tyler Myers Brady Skjei 50 1 4 0
4 vs 4 Forward
Center Wing Time % Phy DF OF
1 Vincent Trocheck Jonathan Marchessault 50 1 2 2
2 Dylan Larkin Patrik Laine 50 1 2 2
4 vs 4 Defense
Defense Defense Time % Phy DF OF
1 Adam Fox Brady Skjei 50 1 2 2
2 Tyler Myers Damon Severson 50 1 2 2
Last Minutes Offensive
Center Left Wing Right Wing Defense Defense
Dylan Larkin Jonathan Marchessault Vincent Trocheck Adam Fox Brady Skjei
Last Minutes Defensive
Center Left Wing Right Wing Defense Defense
Dylan Larkin Luke Glendening Vincent Trocheck Adam Fox Ryan Lindgren
Goaltenders
Starting : Jacob Markstrom
Backup : David Rittich
Extra Forwards
Normal : Vincent Trocheck, Dylan Larkin, Claude Giroux - PP : Martin Necas, Juraj Slafkovsky - PK : Jake Evans
Extra Defensemen
Normal : Adam Fox, Brady Skjei, Damon Severson - PP : Adam Fox - PK : Adam Fox, Brady Skjei
Penalty Shots
Patrik Laine, Vincent Trocheck, Claude Giroux, Jonathan Marchessault, Damon Severson
Scratches
Evgeni Dadonov (Healthy), Alexandre Carrier (Healthy)
Toronto Maple Leafs
5 vs 5 Forward
Center Left Wing Right Wing Time % Phy DF OF
1 Tomas Hertl Brady Tkachuk Nicolas Roy 30 1 2 2
2 Wyatt Johnston Quinton Byfield Troy Terry 30 1 2 2
3 Nick Bjugstad Nino Niederreiter Andrew Mangiapane 25 1 2 2
4 Scott Laughton Brandon Saad Kyle Okposo 15 1 2 2
5 vs 5 Defense
Defense Defense Time % Phy DF OF
1 Aaron Ekblad Ryan Pulock 32 1 2 2
2 Cody Ceci Mario Ferraro 32 1 2 2
3 Sean Walker Dougie Hamilton 31 1 2 2
4 Aaron Ekblad Ryan Pulock 5 1 2 2
PowerPlay Forward
Center Left Wing Right Wing Time % Phy DF OF
1 Tomas Hertl Brady Tkachuk Troy Terry 50 1 2 2
2 Wyatt Johnston Quinton Byfield Nick Bjugstad 50 1 2 2
PowerPlay Defense
Defense Defense Time % Phy DF OF
1 Aaron Ekblad Dougie Hamilton 50 1 2 2
2 Ryan Pulock Sean Walker 50 1 2 2
Penalty Kill 4 Players Forward
Center Wing Time % Phy DF OF
1 Nick Bjugstad Nicolas Roy 50 1 2 2
2 Scott Laughton Andrew Mangiapane 50 1 2 2
Penalty Kill 4 Players Defense
Defense Defense Time % Phy DF OF
1 Cody Ceci Mario Ferraro 50 1 2 2
2 Aaron Ekblad Ryan Pulock 50 1 2 2
Penalty Kill - 3 Players Forward
Forward Time % Phy DF OF
1 Nick Bjugstad 50 1 2 2
2 Scott Laughton 50 1 2 2
Penalty Kill - 3 Players Defense
Defense Defense Time % Phy DF OF
1 Aaron Ekblad Ryan Pulock 50 1 2 2
2 Cody Ceci Mario Ferraro 50 1 2 2
4 vs 4 Forward
Center Wing Time % Phy DF OF
1 Scott Laughton Troy Terry 50 1 2 2
2 Wyatt Johnston Brady Tkachuk 50 1 2 2
4 vs 4 Defense
Defense Defense Time % Phy DF OF
1 Cody Ceci Mario Ferraro 50 1 2 2
2 Aaron Ekblad Ryan Pulock 50 1 2 2
Last Minutes Offensive
Center Left Wing Right Wing Defense Defense
Tomas Hertl Brady Tkachuk Nick Bjugstad Aaron Ekblad Dougie Hamilton
Last Minutes Defensive
Center Left Wing Right Wing Defense Defense
Tomas Hertl Scott Laughton Nick Bjugstad Aaron Ekblad Ryan Pulock
Goaltenders
Starting : Cam Talbot
Backup : Frederik Andersen
Extra Forwards
Normal : Scott Laughton, Brandon Saad, Andrew Mangiapane - PP : Andrew Mangiapane, Kyle Okposo - PK : Andrew Mangiapane
Extra Defensemen
Normal : Sean Walker, Dougie Hamilton, Cody Ceci - PP : Mario Ferraro - PK : Sean Walker, Dougie Hamilton
Penalty Shots
Dougie Hamilton, Nick Bjugstad, Quinton Byfield, Troy Terry, Nicolas Roy
Scratches
Bowen Byram (Healthy), Sam Bennett (Bruised Right Leg Injury), Warren Foegele (Healthy), Luke Schenn (Healthy), Pierre Engvall (Healthy)
% Time on Ice - Montreal Canadiens
Lines # - Real PCT - Wanted PCT - Time Play
Normal Forward
1 - 32% - 35% - 15:27
2 - 32% - 35% - 15:37
3 - 20% - 20% - 9:54
4 - 16% - 10% - 7:59
Normal Defense
1 - 34% - 33% - 16:28
2 - 34% - 33% - 16:42
3 - 23% - 24% - 11:24
4 - 9% - 10% - 4:23
PP Forward
1 - 57% - 50% - 2:39
2 - 43% - 50% - 2:02
PP Defense
1 - 46% - 50% - 2:08
2 - 54% - 50% - 2:33
PK Forward
1 - 44% - 50% - 2:09
2 - 56% - 50% - 2:45
PK Defense
1 - 49% - 50% - 2:25
2 - 51% - 50% - 2:29
PK3 Forward
1 - 0% - 50%
2 - 0% - 50%
PK3 Defense
1 - 0% - 50%
2 - 0% - 50%
44 Forward
1 - 49% - 50% - 0:38
2 - 51% - 50% - 0:39
44 Defense
1 - 34% - 50% - 0:26
2 - 66% - 50% - 0:51
Last Minute Offensive - 0:11
Last Minute Defensive - 0:00
Total
Forward - 60:00
Defense - 60:00
|
% Time on Ice - Toronto Maple Leafs
Lines # - Real PCT - Wanted PCT - Time Play
Normal Forward
1 - 28% - 30% - 13:32
2 - 29% - 30% - 14:08
3 - 26% - 25% - 12:30
4 - 18% - 15% - 8:47
Normal Defense
1 - 32% - 32% - 15:37
2 - 33% - 32% - 16:01
3 - 32% - 31% - 15:39
4 - 3% - 5% - 1:40
PP Forward
1 - 55% - 50% - 2:42
2 - 45% - 50% - 2:12
PP Defense
1 - 50% - 50% - 2:28
2 - 50% - 50% - 2:26
PK Forward
1 - 59% - 50% - 2:46
2 - 41% - 50% - 1:55
PK Defense
1 - 57% - 50% - 2:40
2 - 43% - 50% - 2:01
PK3 Forward
1 - 0% - 50%
2 - 0% - 50%
PK3 Defense
1 - 0% - 50%
2 - 0% - 50%
44 Forward
1 - 51% - 50% - 0:39
2 - 49% - 50% - 0:38
44 Defense
1 - 44% - 50% - 0:34
2 - 56% - 50% - 0:43
Last Minute Offensive - 0:00
Last Minute Defensive - 0:11
Total
Forward - 60:00
Defense - 60:00
|
Play-by-Play
1st period
0:01 of 1st period - Dylan Larkin wins face-off versus Tomas Hertl in neutral zone.
0:06 of 1st period - Backhand shot by Dylan Larkin.
0:06 of 1st period - Shot Misses the Net.
0:14 of 1st period - Wrist shot by Brady Tkachuk.
0:14 of 1st period - Shot Misses the Net.
0:16 of 1st period - Slapshot by Aaron Ekblad.
0:16 of 1st period - Deflect By Brady Tkachuk.
0:16 of 1st period - Shot Misses the Net.
0:16 of 1st period - Puck is out of play.
0:17 of 1st period - Wyatt Johnston wins face-off versus Claude Giroux in Montreal Canadiens zone.
0:51 of 1st period - Wrist shot by Nino Niederreiter.
0:51 of 1st period - Shot Misses the Net.
1:33 of 1st period - Wrist shot by Vincent Trocheck.
1:33 of 1st period - Stopped by Cam Talbot with a rebound.
2:33 of 1st period - Nick Bjugstad is hit by Vincent Trocheck and loses puck.
3:00 of 1st period - Wrist shot by Nick Bjugstad.
3:00 of 1st period - Stopped by Jacob Markstrom with a rebound.
3:02 of 1st period - Slapshot by Sean Walker.
3:02 of 1st period - Deflect By Andrew Mangiapane.
3:02 of 1st period - Shot Misses the Net.
3:02 of 1st period - Puck is out of play.
3:03 of 1st period - Jonathan Marchessault wins face-off versus Tomas Hertl in Montreal Canadiens zone.
3:39 of 1st period - Troy Terry is hit by Juraj Slafkovsky.
3:57 of 1st period - Backhand shot by Dylan Larkin.
3:57 of 1st period - Stopped by Cam Talbot with a rebound.
3:59 of 1st period - Wrist shot by Dylan Larkin.
3:59 of 1st period - Shot Misses the Net.
4:15 of 1st period - Snap shot by Vladislav Namestnikov.
4:15 of 1st period - Shot Blocked by Mario Ferraro.
4:18 of 1st period - Icing by Mario Ferraro.
4:19 of 1st period - Claude Giroux wins face-off versus Tomas Hertl in Toronto Maple Leafs zone.
4:32 of 1st period - Slapshot by Brady Tkachuk.
4:32 of 1st period - Shot Misses the Net.
4:46 of 1st period - Snap shot by Brady Tkachuk.
4:46 of 1st period - Stopped by Jacob Markstrom with a rebound.
4:56 of 1st period - Snap shot by Brady Tkachuk.
4:56 of 1st period - Shot Misses the Net.
5:04 of 1st period - Wrist shot by Brady Tkachuk.
5:04 of 1st period - Stopped by Jacob Markstrom with a rebound.
5:06 of 1st period - Wrist shot by Tomas Hertl.
5:06 of 1st period - Stopped by Jacob Markstrom without a rebound.
5:07 of 1st period - Dylan Larkin wins face-off versus Troy Terry in Montreal Canadiens zone.
5:18 of 1st period - Slapshot by Dylan Larkin.
5:18 of 1st period - Goal by Dylan Larkin - Montreal Canadiens : 1 - Toronto Maple Leafs : 0.
5:19 of 1st period - Jake Evans wins face-off versus Wyatt Johnston in neutral zone.
5:28 of 1st period - Snap shot by Wyatt Johnston.
5:28 of 1st period - Shot Misses the Net.
5:30 of 1st period - Slapshot by Ryan Pulock.
5:30 of 1st period - Stopped by Jacob Markstrom with a rebound.
5:32 of 1st period - Wrist shot by Aaron Ekblad.
5:32 of 1st period - Stopped by Jacob Markstrom with a rebound.
5:34 of 1st period - Wrist shot by Quinton Byfield.
5:34 of 1st period - Stopped by Jacob Markstrom with a rebound.
5:44 of 1st period - Ryan Pulock is hit by Tyler Myers and loses puck.
6:31 of 1st period - Tomas Hertl is hit by Luke Glendening.
7:39 of 1st period - Snap shot by Brandon Saad.
7:39 of 1st period - Stopped by Jacob Markstrom with a rebound.
7:51 of 1st period - Snap shot by Vladislav Namestnikov.
7:51 of 1st period - Stopped by Cam Talbot with a rebound.
8:38 of 1st period - Dylan Larkin is hit by Aaron Ekblad.
8:54 of 1st period - Aaron Ekblad is hit by Martin Necas and loses puck.
9:03 of 1st period - Icing by Brady Skjei.
9:04 of 1st period - Claude Giroux wins face-off versus Wyatt Johnston in Montreal Canadiens zone.
9:09 of 1st period - Wrist shot by Martin Necas.
9:09 of 1st period - Deflect By Jonathan Marchessault.
9:09 of 1st period - Shot Misses the Net.
9:09 of 1st period - Puck is out of play.
9:10 of 1st period - Dylan Larkin wins face-off versus Troy Terry in Toronto Maple Leafs zone.
9:25 of 1st period - Wrist shot by Vincent Trocheck.
9:25 of 1st period - Stopped by Cam Talbot with a rebound.
9:27 of 1st period - Slapshot by Damon Severson.
9:27 of 1st period - Shot Misses the Net.
9:45 of 1st period - Snap shot by Brady Tkachuk.
9:45 of 1st period - Shot Misses the Net.
9:47 of 1st period - Slapshot by Nicolas Roy.
9:47 of 1st period - Shot Misses the Net.
9:49 of 1st period - Snap shot by Tomas Hertl.
9:49 of 1st period - Stopped by Jacob Markstrom with a rebound.
9:51 of 1st period - Snap shot by Dougie Hamilton.
9:51 of 1st period - Deflect By Brady Tkachuk.
9:51 of 1st period - Shot Misses the Net.
9:51 of 1st period - Puck is out of play.
9:52 of 1st period - Nick Bjugstad wins face-off versus Dylan Larkin in Montreal Canadiens zone.
9:57 of 1st period - Snap shot by Nino Niederreiter.
9:57 of 1st period - Goal by Nino Niederreiter - Montreal Canadiens : 1 - Toronto Maple Leafs : 1.
9:58 of 1st period - Dylan Larkin wins face-off versus Nick Bjugstad in neutral zone.
10:11 of 1st period - Snap shot by Dylan Larkin.
10:11 of 1st period - Stopped by Cam Talbot with a rebound.
10:14 of 1st period - Icing by Aaron Ekblad.
10:15 of 1st period - Claude Giroux wins face-off versus Nino Niederreiter in Toronto Maple Leafs zone.
10:31 of 1st period - Wrist shot by Nick Bjugstad.
10:31 of 1st period - Shot Misses the Net.
10:40 of 1st period - Off-side.
10:41 of 1st period - Jake Evans wins face-off versus Wyatt Johnston in neutral zone.
11:31 of 1st period - Tomas Hertl is hit by Dylan Larkin and loses puck.
12:29 of 1st period - Icing by Luke Glendening.
12:30 of 1st period - Scott Laughton wins face-off versus Luke Glendening in Montreal Canadiens zone.
12:37 of 1st period - Slapshot by Kyle Okposo.
12:37 of 1st period - Shot Misses the Net.
12:55 of 1st period - Slapshot by Luke Glendening.
12:55 of 1st period - Stopped by Cam Talbot without a rebound.
12:56 of 1st period - Dylan Larkin wins face-off versus Wyatt Johnston in Toronto Maple Leafs zone.
13:21 of 1st period - Patrik Laine is hit by Brady Tkachuk and loses puck.
13:28 of 1st period - Snap shot by Brady Tkachuk.
13:28 of 1st period - Stopped by Jacob Markstrom without a rebound.
13:29 of 1st period - Claude Giroux wins face-off versus Wyatt Johnston in Montreal Canadiens zone.
13:36 of 1st period - Snap shot by Claude Giroux.
13:36 of 1st period - Stopped by Cam Talbot without a rebound.
13:37 of 1st period - Wyatt Johnston wins face-off versus Claude Giroux in Toronto Maple Leafs zone.
13:37 of 1st period - Wyatt Johnston is hit by Jonathan Marchessault.
14:06 of 1st period - Snap shot by Troy Terry.
14:06 of 1st period - Goal by Troy Terry - Montreal Canadiens : 1 - Toronto Maple Leafs : 2.
14:07 of 1st period - Nicolas Roy wins face-off versus Patrik Laine in neutral zone.
14:43 of 1st period - Backhand shot by Nino Niederreiter.
14:43 of 1st period - Shot Misses the Net.
14:45 of 1st period - Slapshot by Dougie Hamilton.
14:45 of 1st period - Shot Blocked by Claude Giroux.
15:01 of 1st period - Snap shot by Juraj Slafkovsky.
15:01 of 1st period - Stopped by Cam Talbot with a rebound.
15:37 of 1st period - Icing by Sean Walker.
15:38 of 1st period - Dylan Larkin wins face-off versus Tomas Hertl in Toronto Maple Leafs zone.
15:39 of 1st period - Wrist shot by Vincent Trocheck.
15:39 of 1st period - Stopped by Cam Talbot with a rebound.
15:49 of 1st period - Dylan Larkin is hit by Brady Tkachuk and loses puck.
16:04 of 1st period - Snap shot by Brady Tkachuk.
16:04 of 1st period - Shot Misses the Net.
17:30 of 1st period - Slapshot by Tomas Hertl.
17:30 of 1st period - Deflect By Vincent Trocheck.
17:30 of 1st period - Shot Misses the Net.
17:30 of 1st period - Puck is out of play.
17:31 of 1st period - Nick Bjugstad wins face-off versus Claude Giroux in Montreal Canadiens zone.
17:43 of 1st period - Icing by Claude Giroux.
17:44 of 1st period - Andrew Mangiapane wins face-off versus Claude Giroux in Montreal Canadiens zone.
18:19 of 1st period - Snap shot by Jaden Schwartz.
18:19 of 1st period - Deflect By Troy Terry.
18:19 of 1st period - Shot Misses the Net.
18:19 of 1st period - Puck is out of play.
18:20 of 1st period - Wyatt Johnston wins face-off versus Jake Evans in Toronto Maple Leafs zone.
19:59 of 1st period - Aaron Ekblad is hit by Claude Giroux and loses puck.
Goals for this period are 1 for Montreal Canadiens vs 2 for Toronto Maple Leafs.
Shots for this period are 10 for Montreal Canadiens vs 12 for Toronto Maple Leafs.
2nd period
0:01 of 2nd period - Wyatt Johnston wins face-off versus Claude Giroux in neutral zone.
0:26 of 2nd period - Nick Bjugstad is hit by Patrik Laine and loses puck.
0:49 of 2nd period - Snap shot by Jaden Schwartz.
0:49 of 2nd period - Stopped by Cam Talbot with a rebound.
0:51 of 2nd period - Snap shot by Jaden Schwartz.
0:51 of 2nd period - Stopped by Cam Talbot with a rebound.
0:53 of 2nd period - Slapshot by Brady Skjei.
0:53 of 2nd period - Shot Misses the Net.
1:31 of 2nd period - Wrist shot by Claude Giroux.
1:31 of 2nd period - Shot Misses the Net.
1:33 of 2nd period - Slapshot by Ryan Lindgren.
1:33 of 2nd period - Shot Blocked by Cody Ceci.
1:35 of 2nd period - Wrist shot by Claude Giroux.
1:35 of 2nd period - Shot Blocked by Cody Ceci.
1:37 of 2nd period - Snap shot by Claude Giroux.
1:37 of 2nd period - Deflect By Martin Necas.
1:37 of 2nd period - Shot Blocked by Mario Ferraro.
1:37 of 2nd period - Puck is out of play.
1:38 of 2nd period - Andrew Mangiapane wins face-off versus Claude Giroux in Toronto Maple Leafs zone.
1:47 of 2nd period - Snap shot by Nick Bjugstad.
1:47 of 2nd period - Shot Blocked by Damon Severson.
2:29 of 2nd period - Juraj Slafkovsky is hit by Nicolas Roy.
2:58 of 2nd period - Off-side.
2:59 of 2nd period - Nick Bjugstad wins face-off versus Claude Giroux in neutral zone.
3:16 of 2nd period - Wrist shot by Martin Necas.
3:16 of 2nd period - Deflect By Andrew Mangiapane.
3:16 of 2nd period - Shot Misses the Net.
3:16 of 2nd period - Puck is out of play.
3:17 of 2nd period - Wyatt Johnston wins face-off versus Dylan Larkin in Toronto Maple Leafs zone.
3:17 of 2nd period - Wyatt Johnston is hit by Dylan Larkin.
3:20 of 2nd period - Minor Penalty to Dylan Larkin for Cross-checking.
3:21 of 2nd period - Vincent Trocheck wins face-off versus Tomas Hertl in Montreal Canadiens zone.
3:32 of 2nd period - Wrist shot by Troy Terry.
3:32 of 2nd period - Stopped by Jacob Markstrom with a rebound.
3:34 of 2nd period - Slapshot by Aaron Ekblad.
3:34 of 2nd period - Goal by Aaron Ekblad - Montreal Canadiens : 1 - Toronto Maple Leafs : 3.
3:35 of 2nd period - Wyatt Johnston wins face-off versus Claude Giroux in neutral zone.
3:38 of 2nd period - Slapshot by Troy Terry.
3:38 of 2nd period - Shot Misses the Net.
3:52 of 2nd period - Snap shot by Jonathan Marchessault.
3:52 of 2nd period - Shot Misses the Net.
4:25 of 2nd period - Brady Tkachuk is hit by Juraj Slafkovsky and loses puck.
4:53 of 2nd period - Slapshot by Scott Laughton.
4:53 of 2nd period - Stopped by Jacob Markstrom with a rebound.
4:55 of 2nd period - Slapshot by Cody Ceci.
4:55 of 2nd period - Deflect By Kyle Okposo.
4:55 of 2nd period - Shot Misses the Net.
4:55 of 2nd period - Puck is out of play.
4:56 of 2nd period - Claude Giroux wins face-off versus Wyatt Johnston in Montreal Canadiens zone.
4:56 of 2nd period - Claude Giroux is hit by Quinton Byfield.
5:27 of 2nd period - Icing by Sean Walker.
5:28 of 2nd period - Vincent Trocheck wins face-off versus Nick Bjugstad in Toronto Maple Leafs zone.
5:31 of 2nd period - Wrist shot by Patrik Laine.
5:31 of 2nd period - Stopped by Cam Talbot with a rebound.
5:33 of 2nd period - Slapshot by Damon Severson.
5:33 of 2nd period - Stopped by Cam Talbot with a rebound.
5:35 of 2nd period - Snap shot by Patrik Laine.
5:35 of 2nd period - Shot Misses the Net.
5:37 of 2nd period - Slapshot by Damon Severson.
5:37 of 2nd period - Stopped by Cam Talbot without a rebound.
5:38 of 2nd period - Dylan Larkin wins face-off versus Tomas Hertl in Toronto Maple Leafs zone.
5:49 of 2nd period - Slapshot by Dylan Larkin.
5:49 of 2nd period - Deflect By Vincent Trocheck.
5:49 of 2nd period - Shot Misses the Net.
5:49 of 2nd period - Puck is out of play.
5:50 of 2nd period - Claude Giroux wins face-off versus Wyatt Johnston in Toronto Maple Leafs zone.
6:21 of 2nd period - Wrist shot by Dylan Larkin.
6:21 of 2nd period - Deflect By Vincent Trocheck.
6:21 of 2nd period - Stopped by Cam Talbot with a rebound.
6:29 of 2nd period - Snap shot by Tomas Hertl.
6:29 of 2nd period - Stopped by Jacob Markstrom without a rebound.
6:30 of 2nd period - Nino Niederreiter wins face-off versus Martin Necas in Montreal Canadiens zone.
6:35 of 2nd period - Snap shot by Andrew Mangiapane.
6:35 of 2nd period - Shot Blocked by Claude Giroux.
6:37 of 2nd period - Wrist shot by Andrew Mangiapane.
6:37 of 2nd period - Shot Misses the Net.
6:39 of 2nd period - Slapshot by Ryan Pulock.
6:39 of 2nd period - Deflect By Nino Niederreiter.
6:39 of 2nd period - Shot Blocked by Ryan Lindgren.
6:39 of 2nd period - Puck is out of play.
6:40 of 2nd period - Claude Giroux wins face-off versus Nick Bjugstad in Montreal Canadiens zone.
6:40 of 2nd period - Claude Giroux is hit by Andrew Mangiapane.
6:58 of 2nd period - Slapshot by Andrew Mangiapane.
6:58 of 2nd period - Shot Misses the Net.
7:00 of 2nd period - Slapshot by Nick Bjugstad.
7:00 of 2nd period - Shot Misses the Net.
7:02 of 2nd period - Slapshot by Ryan Pulock.
7:02 of 2nd period - Deflect By Andrew Mangiapane.
7:02 of 2nd period - Stopped by Jacob Markstrom with a rebound.
7:38 of 2nd period - Snap shot by Nick Bjugstad.
7:38 of 2nd period - Shot Misses the Net.
7:40 of 2nd period - Wrist shot by Aaron Ekblad.
7:40 of 2nd period - Shot Blocked by Claude Giroux.
7:42 of 2nd period - Snap shot by Nick Bjugstad.
7:42 of 2nd period - Shot Misses the Net.
7:52 of 2nd period - Claude Giroux is hit by Nick Bjugstad and loses puck.
8:09 of 2nd period - Snap shot by Andrew Mangiapane.
8:09 of 2nd period - Stopped by Jacob Markstrom with a rebound.
8:44 of 2nd period - Minor Penalty to Claude Giroux for Tripping.
8:45 of 2nd period - Tomas Hertl wins face-off versus Dylan Larkin in Montreal Canadiens zone.
9:01 of 2nd period - Wrist shot by Tomas Hertl.
9:01 of 2nd period - Shot Hit the Post.
10:40 of 2nd period - Brandon Saad is hit by Tyler Myers.
10:44 of 2nd period - Penalty to Claude Giroux is over, Claude Giroux is back on ice.
10:54 of 2nd period - Slapshot by Vladislav Namestnikov.
10:54 of 2nd period - Stopped by Cam Talbot with a rebound.
10:58 of 2nd period - Snap shot by Vladislav Namestnikov.
10:58 of 2nd period - Goal by Vladislav Namestnikov - Montreal Canadiens : 2 - Toronto Maple Leafs : 3.
10:59 of 2nd period - Dylan Larkin wins face-off versus Wyatt Johnston in neutral zone.
11:56 of 2nd period - Slapshot by Vincent Trocheck.
11:56 of 2nd period - Shot Misses the Net.
11:58 of 2nd period - Wrist shot by Vincent Trocheck.
11:58 of 2nd period - Stopped by Cam Talbot without a rebound.
11:59 of 2nd period - Jake Evans wins face-off versus Wyatt Johnston in Toronto Maple Leafs zone.
12:12 of 2nd period - Snap shot by Wyatt Johnston.
12:12 of 2nd period - Shot Blocked by Brady Skjei.
12:14 of 2nd period - Slapshot by Dougie Hamilton.
12:14 of 2nd period - Deflect By Brady Skjei.
12:14 of 2nd period - Stopped by Jacob Markstrom with a rebound.
12:47 of 2nd period - Minor Penalty to Brady Tkachuk for Hooking.
12:48 of 2nd period - Claude Giroux wins face-off versus Andrew Mangiapane in Toronto Maple Leafs zone.
12:48 of 2nd period - Slapshot by Patrik Laine.
12:48 of 2nd period - Goal by Patrik Laine - Montreal Canadiens : 3 - Toronto Maple Leafs : 3.
12:49 of 2nd period - Vincent Trocheck wins face-off versus Wyatt Johnston in neutral zone.
12:52 of 2nd period - Slapshot by Dylan Larkin.
12:52 of 2nd period - Shot Misses the Net.
12:59 of 2nd period - Icing by Sean Walker.
13:00 of 2nd period - Dylan Larkin wins face-off versus Wyatt Johnston in Toronto Maple Leafs zone.
13:01 of 2nd period - Slapshot by Vincent Trocheck.
13:01 of 2nd period - Shot Misses the Net.
13:13 of 2nd period - Wrist shot by Troy Terry.
13:13 of 2nd period - Stopped by Jacob Markstrom with a rebound.
13:15 of 2nd period - Snap shot by Wyatt Johnston.
13:15 of 2nd period - Shot Blocked by Dylan Larkin.
13:59 of 2nd period - Martin Necas is hit by Cody Ceci.
14:03 of 2nd period - Mario Ferraro is hit by Claude Giroux and loses puck.
14:14 of 2nd period - Aliaksei Protas is hit by Nick Bjugstad and loses puck.
14:41 of 2nd period - Backhand shot by Dylan Larkin.
14:41 of 2nd period - Deflect By Troy Terry.
14:41 of 2nd period - Shot Misses the Net.
14:41 of 2nd period - Puck is out of play.
14:42 of 2nd period - Wyatt Johnston wins face-off versus Patrik Laine in Toronto Maple Leafs zone.
15:07 of 2nd period - Troy Terry is hit by Tyler Myers and loses puck.
15:16 of 2nd period - Slapshot by Claude Giroux.
15:16 of 2nd period - Stopped by Cam Talbot with a rebound.
15:18 of 2nd period - Slapshot by Damon Severson.
15:18 of 2nd period - Shot Misses the Net.
15:20 of 2nd period - Snap shot by Jonathan Marchessault.
15:20 of 2nd period - Stopped by Cam Talbot with a rebound.
15:58 of 2nd period - Slapshot by Aliaksei Protas.
15:58 of 2nd period - Shot Misses the Net.
16:00 of 2nd period - Wrist shot by Luke Glendening.
16:00 of 2nd period - Shot Blocked by Kyle Okposo.
16:02 of 2nd period - Slapshot by Ilya Lyubushkin.
16:02 of 2nd period - Stopped by Cam Talbot with a rebound.
16:12 of 2nd period - Wrist shot by Andrew Mangiapane.
16:12 of 2nd period - Deflect By Nino Niederreiter.
16:12 of 2nd period - Shot Misses the Net.
16:12 of 2nd period - Puck is out of play.
16:13 of 2nd period - Nick Bjugstad wins face-off versus Dylan Larkin in Montreal Canadiens zone.
16:24 of 2nd period - Snap shot by Andrew Mangiapane.
16:24 of 2nd period - Stopped by Jacob Markstrom without a rebound.
16:25 of 2nd period - Dylan Larkin wins face-off versus Tomas Hertl in Montreal Canadiens zone.
16:25 of 2nd period - Dylan Larkin is hit by Tomas Hertl.
16:48 of 2nd period - Icing by Vincent Trocheck.
16:49 of 2nd period - Jake Evans wins face-off versus Wyatt Johnston in Montreal Canadiens zone.
17:26 of 2nd period - Off-side.
17:27 of 2nd period - Claude Giroux wins face-off versus Wyatt Johnston in neutral zone.
17:52 of 2nd period - Dylan Larkin is hit by Dougie Hamilton and loses puck.
18:05 of 2nd period - Snap shot by Scott Laughton.
18:05 of 2nd period - Stopped by Jacob Markstrom without a rebound.
18:06 of 2nd period - Tomas Hertl wins face-off versus Jake Evans in Montreal Canadiens zone.
18:07 of 2nd period - Snap shot by Brady Tkachuk.
18:07 of 2nd period - Shot Misses the Net.
18:09 of 2nd period - Minor Penalty to Ryan Lindgren for Slashing.
18:10 of 2nd period - Wyatt Johnston wins face-off versus Vincent Trocheck in Montreal Canadiens zone.
18:13 of 2nd period - Snap shot by Wyatt Johnston.
18:13 of 2nd period - Stopped by Jacob Markstrom with a rebound.
18:51 of 2nd period - Minor Penalty to Brady Tkachuk for Cross-checking.
18:52 of 2nd period - Vincent Trocheck wins face-off versus Scott Laughton in Toronto Maple Leafs zone.
19:22 of 2nd period - Snap shot by Dylan Larkin.
19:22 of 2nd period - Stopped by Cam Talbot with a rebound.
Goals for this period are 2 for Montreal Canadiens vs 1 for Toronto Maple Leafs.
Shots for this period are 14 for Montreal Canadiens vs 11 for Toronto Maple Leafs.
3rd period
0:01 of 3rd period - Scott Laughton wins face-off versus Dylan Larkin in neutral zone.
0:09 of 3rd period - Penalty to Ryan Lindgren is over, Ryan Lindgren is back on ice.
0:10 of 3rd period - Wrist shot by Troy Terry.
0:10 of 3rd period - Stopped by Jacob Markstrom with a rebound.
0:12 of 3rd period - Slapshot by Mario Ferraro.
0:12 of 3rd period - Stopped by Jacob Markstrom without a rebound.
0:13 of 3rd period - Dylan Larkin wins face-off versus Scott Laughton in Montreal Canadiens zone.
0:18 of 3rd period - Slapshot by Jonathan Marchessault.
0:18 of 3rd period - Stopped by Cam Talbot with a rebound.
0:28 of 3rd period - Snap shot by Andrew Mangiapane.
0:28 of 3rd period - Shot Blocked by Tyler Myers.
0:38 of 3rd period - Aaron Ekblad is hit by Tyler Myers.
0:51 of 3rd period - Penalty to Brady Tkachuk is over, Brady Tkachuk is back on ice.
1:25 of 3rd period - Wyatt Johnston is hit by Tyler Myers and loses puck.
1:42 of 3rd period - Wrist shot by Brandon Saad.
1:42 of 3rd period - Stopped by Jacob Markstrom with a rebound.
2:28 of 3rd period - Brady Tkachuk is hit by Jaden Schwartz.
3:00 of 3rd period - Claude Giroux is hit by Kyle Okposo and loses puck.
5:02 of 3rd period - Wrist shot by Brady Tkachuk.
5:02 of 3rd period - Shot Misses the Net.
5:14 of 3rd period - Slapshot by Wyatt Johnston.
5:14 of 3rd period - Stopped by Jacob Markstrom with a rebound.
5:16 of 3rd period - Slapshot by Mario Ferraro.
5:16 of 3rd period - Stopped by Jacob Markstrom with a rebound.
5:18 of 3rd period - Snap shot by Troy Terry.
5:18 of 3rd period - Stopped by Jacob Markstrom without a rebound.
5:19 of 3rd period - Dylan Larkin wins face-off versus Nick Bjugstad in Montreal Canadiens zone.
5:19 of 3rd period - Dylan Larkin is hit by Nino Niederreiter.
5:45 of 3rd period - Quinton Byfield is hit by Tyler Myers and loses puck.
5:52 of 3rd period - Slapshot by Cody Ceci.
5:52 of 3rd period - Shot Misses the Net.
5:54 of 3rd period - Snap shot by Wyatt Johnston.
5:54 of 3rd period - Shot Misses the Net.
6:28 of 3rd period - Jonathan Marchessault is hit by Nicolas Roy and loses puck.
6:36 of 3rd period - Slapshot by Mario Ferraro.
6:36 of 3rd period - Shot Blocked by Tyler Myers.
6:52 of 3rd period - Snap shot by Dylan Larkin.
6:52 of 3rd period - Stopped by Cam Talbot without a rebound.
6:53 of 3rd period - Wyatt Johnston wins face-off versus Patrik Laine in Toronto Maple Leafs zone.
6:58 of 3rd period - Snap shot by Wyatt Johnston.
6:58 of 3rd period - Stopped by Jacob Markstrom with a rebound.
7:29 of 3rd period - Slapshot by Vincent Trocheck.
7:29 of 3rd period - Stopped by Cam Talbot without a rebound.
7:30 of 3rd period - Wyatt Johnston wins face-off versus Jake Evans in Toronto Maple Leafs zone.
7:34 of 3rd period - Off-side.
7:35 of 3rd period - Jake Evans wins face-off versus Wyatt Johnston in neutral zone.
7:38 of 3rd period - Troy Terry is hit by Juraj Slafkovsky and loses puck.
7:51 of 3rd period - Slapshot by Troy Terry.
7:51 of 3rd period - Stopped by Jacob Markstrom without a rebound.
7:51 of 3rd period - Minor Penalty to Jacob Markstrom for Slashing.
7:52 of 3rd period - Wyatt Johnston wins face-off versus Vincent Trocheck in Montreal Canadiens zone.
7:53 of 3rd period - Wrist shot by Quinton Byfield.
7:53 of 3rd period - Stopped by Jacob Markstrom without a rebound.
7:54 of 3rd period - Wyatt Johnston wins face-off versus Vincent Trocheck in Montreal Canadiens zone.
9:51 of 3rd period - Penalty to Damon Severson is over, Damon Severson is back on ice.
9:59 of 3rd period - Snap shot by Scott Laughton.
9:59 of 3rd period - Stopped by Jacob Markstrom with a rebound.
10:01 of 3rd period - Snap shot by Brandon Saad.
10:01 of 3rd period - Shot Misses the Net.
10:26 of 3rd period - Wrist shot by Juraj Slafkovsky.
10:26 of 3rd period - Shot Blocked by Cody Ceci.
11:31 of 3rd period - Minor Penalty to Nick Bjugstad for Tripping.
11:32 of 3rd period - Dylan Larkin wins face-off versus Scott Laughton in Toronto Maple Leafs zone.
13:31 of 3rd period - Penalty to Nick Bjugstad is over, Nick Bjugstad is back on ice.
14:57 of 3rd period - Minor Penalty to Nick Bjugstad for High sticking.
14:58 of 3rd period - Dylan Larkin wins face-off versus Andrew Mangiapane in Toronto Maple Leafs zone.
15:32 of 3rd period - Scott Laughton is hit by Brady Skjei and loses puck.
15:41 of 3rd period - Wrist shot by Vincent Trocheck.
15:41 of 3rd period - Stopped by Cam Talbot with a rebound.
15:43 of 3rd period - Wrist shot by Damon Severson.
15:43 of 3rd period - Shot Misses the Net.
15:45 of 3rd period - Slapshot by Damon Severson.
15:45 of 3rd period - Stopped by Cam Talbot with a rebound.
15:47 of 3rd period - Snap shot by Jonathan Marchessault.
15:47 of 3rd period - Stopped by Cam Talbot without a rebound.
15:48 of 3rd period - Wyatt Johnston wins face-off versus Claude Giroux in Toronto Maple Leafs zone.
15:57 of 3rd period - Wrist shot by Patrik Laine.
15:57 of 3rd period - Shot Blocked by Nicolas Roy.
15:59 of 3rd period - Wrist shot by Patrik Laine.
15:59 of 3rd period - Deflect By Juraj Slafkovsky.
15:59 of 3rd period - Shot Misses the Net.
15:59 of 3rd period - Puck is out of play.
16:00 of 3rd period - Claude Giroux wins face-off versus Wyatt Johnston in Toronto Maple Leafs zone.
16:57 of 3rd period - Penalty to Nick Bjugstad is over, Nick Bjugstad is back on ice.
17:06 of 3rd period - Slapshot by Troy Terry.
17:06 of 3rd period - Shot Blocked by Vladislav Namestnikov.
17:08 of 3rd period - Wrist shot by Troy Terry.
17:08 of 3rd period - Shot Misses the Net.
17:10 of 3rd period - Snap shot by Quinton Byfield.
17:10 of 3rd period - Shot Blocked by Brady Skjei.
17:12 of 3rd period - Wrist shot by Scott Laughton.
17:12 of 3rd period - Goal by Scott Laughton - Montreal Canadiens : 3 - Toronto Maple Leafs : 4.
17:13 of 3rd period - Nick Bjugstad wins face-off versus Jake Evans in neutral zone.
17:20 of 3rd period - Snap shot by Andrew Mangiapane.
17:20 of 3rd period - Stopped by Jacob Markstrom with a rebound.
17:22 of 3rd period - Snap shot by Sean Walker.
17:22 of 3rd period - Shot Blocked by Jaden Schwartz.
17:24 of 3rd period - Backhand shot by Dougie Hamilton.
17:24 of 3rd period - Shot Misses the Net.
17:26 of 3rd period - Snap shot by Nino Niederreiter.
17:26 of 3rd period - Shot Misses the Net.
17:28 of 3rd period - Wrist shot by Andrew Mangiapane.
17:28 of 3rd period - Stopped by Jacob Markstrom without a rebound.
17:29 of 3rd period - Dylan Larkin wins face-off versus Scott Laughton in Montreal Canadiens zone.
17:44 of 3rd period - Wrist shot by Vincent Trocheck.
17:44 of 3rd period - Shot Blocked by Cody Ceci.
17:46 of 3rd period - Wrist shot by Damon Severson.
17:46 of 3rd period - Stopped by Cam Talbot with a rebound.
18:23 of 3rd period - Icing by Juraj Slafkovsky.
18:24 of 3rd period - Nick Bjugstad wins face-off versus Jake Evans in Montreal Canadiens zone.
18:41 of 3rd period - Montreal Canadiens, Jacob Markstrom is pulled from the net.
18:43 of 3rd period - Snap shot by Jaden Schwartz.
18:43 of 3rd period - Shot Blocked by Nino Niederreiter.
18:45 of 3rd period - Wrist shot by Jake Evans.
18:45 of 3rd period - Stopped by Cam Talbot without a rebound.
18:46 of 3rd period - Claude Julien call a timeout for Montreal Canadiens.
18:46 of 3rd period - Tomas Hertl wins face-off versus Dylan Larkin in Toronto Maple Leafs zone.
18:46 of 3rd period - Tomas Hertl is hit by Vincent Trocheck.
18:56 of 3rd period - Wrist shot by Tomas Hertl.
18:56 of 3rd period - Goal by Tomas Hertl - Montreal Canadiens : 3 - Toronto Maple Leafs : 5.
18:56 of 3rd period - Jacob Markstrom from Montreal Canadiens was sent back in the game.
18:57 of 3rd period - Jake Evans wins face-off versus Nick Bjugstad in neutral zone.
19:06 of 3rd period - Snap shot by Andrew Mangiapane.
19:06 of 3rd period - Stopped by Jacob Markstrom without a rebound.
19:07 of 3rd period - Jake Evans wins face-off versus Nick Bjugstad in Montreal Canadiens zone.
19:18 of 3rd period - Wrist shot by Andrew Mangiapane.
19:18 of 3rd period - Deflect By Nick Bjugstad.
19:18 of 3rd period - Goal by Nick Bjugstad - Montreal Canadiens : 3 - Toronto Maple Leafs : 6.
19:19 of 3rd period - Brady Tkachuk wins face-off versus Dylan Larkin in neutral zone.
Goals for this period are 0 for Montreal Canadiens vs 3 for Toronto Maple Leafs.
Shots for this period are 8 for Montreal Canadiens vs 16 for Toronto Maple Leafs.
Back to the Top